 Dungeon Crawl Stone Soup version 0.24-a0-139-geb6712d (webtiles) character file.

Game seed: 9314550021564040721

45 JimmahDean the Cudgeler (level 3, -1/31 HPs)
             Began as a Hill Orc Abyssal Knight on Mar 3, 2019.
             Was a Believer of Lugonu.
             Slain by an adder (4 damage)
             ... on level 1 of the Dungeon.
             The game lasted 00:04:58 (1845 turns).

JimmahDean the Cudgeler (Hill Orc Abyssal Knight)   Turns: 1845, Time: 00:04:59

Health: -1/31      AC:  3    Str: 15    XL:     3   Next: 64%
Magic:  5/5        EV: 11    Int: 12    God:    Lugonu [**....]
Gold:   3          SH:  0    Dex: 10    Spells: 2/2 levels left

rFire    . . .     SeeInvis .   a - +1 mace
rCold    . . .     Gourm    .   (no shield)
rNeg     . . .     Faith    .   b - +0 leather armour
rPois    .         Spirit   .   (no helmet)
rElec    .         Reflect  .   (no cloak)
rCorr    .         Harm     .   (no gloves)
MR       .....                  (no boots)
Stlth    +.........             (no amulet)
HPRegen  0.10/turn              (no ring)
MPRegen  0.09/turn              (no ring)

@: lethally poisoned (-1 -> -8)
A: no striking features
a: Depart the Abyss, Bend Space, Renounce Religion


You were on level 1 of the Dungeon.
You worshipped Lugonu.
Lugonu was pleased with you.
You were not hungry.

You visited 1 branch of the dungeon, and saw 2 of its levels.
You visited the Abyss 1 time.

You collected 3 gold pieces.

Inventory:

Hand Weapons
 a - a +1 mace (weapon)
Missiles
 h - 75 stones (quivered)
Armour
 b - a +0 leather armour (worn)
Scrolls
 e - a scroll of fog {unknown}
 f - a scroll of enchant weapon {unknown}
 g - a scroll of identify {unknown}
 j - a scroll of immolation {unknown}
 k - a scroll of remove curse {unknown}
Potions
 d - a potion of cancellation
 i - a potion of curing {unknown}
Comestibles
 c - 4 rations {@e1}
 l - 2 chunks of flesh


   Skills:
 - Level 3.6 Fighting
 * Level 3.7 Maces & Flails
 - Level 2.1 Armour
 - Level 0.7 Dodging
 + Level 3.4 Invocations


You had 2 spell levels left.
You didn't know any spells.
Your spell library was empty.

Dungeon Overview and Level Annotations

Branches:
Dungeon (2/15)

Altars:


Message History

The adder bites you but does no damage. x2
You take 1 damage, and have 16/31 hp.
You hit the adder. The adder barely misses you. The adder misses you.
You hit the adder.
You feel sick. The adder bites you.
* * * LOW HITPOINT WARNING * * *
You take 6 damage, and have 11/31 hp.
You closely miss the adder. The adder bites you.
* * * LOW HITPOINT WARNING * * *
You are lethally poisoned!
The adder poisons you! The adder closely misses you.
You take 4 damage, and have 7/31 hp.
You hit the adder.
* * * LOW HITPOINT WARNING * * *
You feel sick. The adder bites you.
* * * LOW HITPOINT WARNING * * *
The adder barely misses you.
You take 4 damage, and have 3/31 hp.
It was a potion of cancellation.
You feel magically purged. The adder bites you.
You die...

..#.....##...................##.#
#...#...###......................
........# #.........#)########.##
.####.#.# #..#....#.#.# #.## .#
#.#.###..#....#.#.# #.## .#
#..#.......##.#.#.# ####.## .#
###.###..####.#...# #....## ##
#.# #..# ##S###)#####....#♣ #.#
#..###@.(#...##......♣♣
#.###......#...............
#.##.#.#.........##......♣♣
#.###...#.#.#...#####..).#♣
#.#...........#.# #....#
#...#...#.#.#.#.######..###
######.##..................
#.####...#.........###
#.###.###.########.#


You could see an adder.

Vanquished Creatures
  2 adders
  2 dart slugs (D:1)
  3 giant cockroaches
  2 goblins (D:1)
  A hobgoblin (D:1)
  3 jackals (D:1)
  3 bats (D:1)
  3 frilled lizards (D:1)
  A kobold (D:1)
  6 rats (D:1)
  A plant (D:1)
27 creatures vanquished.

Notes
Turn   | Place    | Note
-------+----------+-------------------------------------------
     0 | Abyss:1  | JimmahDean the Hill Orc Abyssal Knight began the quest for
                  | the Orb.
     0 | Abyss:1  | Reached XP level 1. HP: 19/19 MP: 2/2
    10 | D:1      | Escaped the Abyss
   328 | D:1      | Reached XP level 2. HP: 24/26 MP: 4/4
   725 | D:1      | Reached ** piety under Lugonu
   832 | D:1      | Reached XP level 3. HP: 30/31 MP: 5/5
  1845 | D:1      | Slain by an adder

Levels and vault maps discovered:
D:1:      dpeg_arrival_chambers_temple_mockup, layout_loops_ring, serial_forest,
          infiniplex_forest_end_2, infiniplex_forest_clump_curved,
          infiniplex_forest_end_3, infiniplex_forest_lined_4_way,
          infiniplex_forest_lined_room_3, infiniplex_forest_clump_small,
          infiniplex_forest_lined_2, kennysheep_nondescript,
          minmay_misc_feat_room
D:2:      layout_rooms, kennysheep_generic_room_15
Abyss:1

Skill      XL: |  1  2 |
---------------+-------+-----
Maces & Flails | 3 |  3.7
Invocations    | 3 |  3.4
Fighting       | |  3.6
Armour         | |  2.1
Dodging        | |  0.7

Action                   || total
-------------------------++-------
Melee: Mace              ||   116
Throw: Stone             ||     3
  Use: Potion            ||     1
  Eat: Chunk             ||     3
Armor: Leather armour    ||    31
Dodge: Dodged            ||    43

Table legend:
 A = Non-vault XP
 B = Vault XP
 C = Vault XP percentage of total XP
 D = Non-vault monster count
 E = Vault monster count
 F = Vault count percentage of total count
                 A         B        C        D         E       F
            +---------+---------+-------+---------+---------+-------
      Total |      65 |       0 |   0.0 |      26 |       0 |   0.0
            +---------+---------+-------+---------+---------+-------
        D:1 |      50 |       0 |   0.0 |      24 |       0 |   0.0
        D:2 |      15 |       0 |   0.0 |       2 |       0 |   0.0
            +---------+---------+-------+---------+---------+-------
